 Dungeon Crawl Stone Soup version 0.31-a0-765-g67fe2935dc (webtiles) character file.

Game seed: 5405558983540442828

21 Psyclone the Firebug (level 2, -2/17 HPs)
             Began as an Octopode Fire Elementalist on Sept 16, 2023.
             Slain by Terence
             ... wielding a +0 hand axe
              (8 damage)
             ... on level 2 of the Dungeon.
             The game lasted 00:03:19 (916 turns).

Psyclone the Firebug (Octopode Fire Elementalist)    Turns: 916, Time: 00:03:19

Health: -2/17      AC:  1    Str:  7    XL:     2   Next: 83%
Magic:  0/5        EV: 13    Int: 17    God:
Gold:   70         SH:  0    Dex: 18    Spells: 2/5 levels left

rFire   . . .        d - +0 dagger
rCold   . . .        (no shield)
rNeg    . . .        (helmet restricted)
rPois   .            (no amulet)
rElec   .            b - +6 ring of dexterity
rCorr   .            (no ring)
SInv    .            (no ring)
Will    .....        (no ring)
Stlth   ++++         (no ring)
HPRegen 0.22/turn    (no ring)
MPRegen 0.09/turn    (no ring)
                     (no ring)

%: no passive effects
@: no status effects
A: almost no armour, amphibious, 8 rings, camouflage 1, gelatinous body 1,
(nimble swimmer 1), tentacles
a: no special abilities


You were on level 2 of the Dungeon.
You visited 1 branch of the dungeon, and saw 2 of its levels.

You collected 70 gold pieces.

Inventory:

Hand Weapons
 d - a +0 dagger (weapon)
Jewellery
 b - a +6 ring of dexterity (left tentacle)
Potions
 a - a potion of magic
 c - a potion of heal wounds


   Skills:
 + Level 2.2 Dodging
 + Level 3.1 Stealth
 + Level 2.2 Spellcasting
 + Level 1.4 Conjurations
 + Level 3.2 Fire Magic


You had 2 spell levels left.
You knew the following spells:

 Your Spells              Type           Power      Damage    Failure   Level
a - Foxfire               Conj/Fire      36%        2x1d5     8%          1
b - Scorch                Fire           24%        2d6       8%          2

Your spell library contained the following spells:

 Spells                   Type           Power      Damage    Failure   Level
 Inner Flame              Hex/Fire       7%         N/A       30%         3
 Volatile Blastmotes      Fire/Tloc      14%        2d11      30%         3
 Flame Wave               Conj/Fire      9%         2d6       58%         4


Dungeon Overview and Level Annotations

Branches:
Dungeon (2/15) Zot: 11084

Altars:

Annotations:
D:2 Terence


Innate Abilities, Weirdness & Mutations

You cannot wear most types of armour.
You are amphibious.
You can wear up to eight rings at the same time.
Your skin changes colour to match your surroundings (Stealth+).
Your rubbery body absorbs attacks. (AC +1, EV +1)
((You are camouflaged when in or above water. (Stealth+)))
You have tentacles for arms and can constrict up to eight enemies at once.


Message History

Unknown command.
You now have 2/5 mp.
Casting: Foxfire (safe; 8% risk of failure)
Confirm with . or Enter, or press ? or * to list all spells.
Flames lash Terence.
Terence is moderately wounded.
Terence's fire resistance burns away.
The foxfire hits Terence but does no damage.
Terence is moderately wounded.
The foxfire hits Terence.
Terence is moderately wounded.
You now have 0/5 mp.
You hit Terence but do no damage. You grab Terence.
Terence is moderately wounded.
You constrict Terence, but do no damage.
Terence hits you with a +0 hand axe.
You take 5 damage, and have 12/17 hp.
MASSIVE DAMAGE!!
You barely miss Terence. You squeeze Terence.
Terence is moderately wounded.
You constrict Terence, but do no damage.
Terence closely misses you.
You hit Terence. You squeeze Terence, but do no damage.
Terence is heavily wounded.
You constrict Terence, but do no damage.
Terence barely misses you.
You hit Terence but do no damage. You squeeze Terence, but do no damage.
Terence is heavily wounded.
You constrict Terence, but do no damage.
Terence is no longer more vulnerable to fire.
Terence hits you with a +0 hand axe!
* * * LOW HITPOINT WARNING * * *
You take 7 damage, and have 5/17 hp.
MASSIVE DAMAGE!!
You hit Terence but do no damage.
Terence is heavily wounded.
You constrict Terence, but do no damage.
Terence closely misses you.
You hit Terence but do no damage.
Terence is heavily wounded.
You constrict Terence. Terence hits you with a +0 hand axe!
You die...

#.# .........# #)#
.........# #.#
.........# #.#
.........# #.#
.........# #.#
.........# #.#
.......@.# #.#
.......@.# #.#
?........#######.#
..#.#####....[.#.#
# #.####.#.#
#.#....#.#
#.#.####.#
#.#.#..#.#
#.#.#<.#.#
#.#.##.#.#


You could see Terence.

Vanquished Creatures
  A ball python (D:1)
  2 endoplasms (D:1)
  2 giant cockroaches (D:1)
  A goblin (D:1)
  2 hobgoblins (D:1)
  A kobold (D:2)
  2 quokkas (D:1)
  3 bats (D:1)
  3 rats
17 creatures vanquished.

Vanquished Creatures (others)
  37 foxfires
37 creatures vanquished.

Grand Total: 54 creatures vanquished

Notes
Turn   | Place    | Note
-------+----------+-------------------------------------------
     0 | D:1      | Psyclone the Octopode Fire Elementalist began the quest for
                  | the Orb.
     0 | D:1      | Reached XP level 1. HP: 11/11 MP: 3/3
   139 | D:1      | Reached XP level 2. HP: 17/17 MP: 0/5
   311 | D:1      | Found a faded altar of an unknown god.
   828 | D:2      | Noticed Terence
   904 | D:2      | Learned a level 2 spell: Scorch
   916 | D:2      | Slain by Terence

Illustrated notes

Levels and vault maps discovered:
D:1:      dpeg_arrival_refuge, layout_rooms,
          shapermc_ecumenical_altar_mp_vishouse
D:2:      layout_basic, st_stairs_10, uniq_terence, uniq_jessica

Skill      XL: |  1  2 |
---------------+-------+-----
Stealth        | 3 |  3.1
Dodging        | |  2.2
Spellcasting   | |  2.2
Conjurations   | |  1.4
Fire Magic     | |  3.2

Action                     || total
---------------------------++-------
  Melee: Unarmed           ||     6
         Constrict         ||     6
         Tentacles         ||     5
         Dagger            ||    13
   Cast: Foxfire           ||    20
         Scorch            ||     1
    Use: Potion            ||     2
         Scroll            ||     1
   Stab: Sleeping          ||     2
 Armour: Skin              ||     7
  Dodge: Dodged            ||    13

Table legend: (Time is in decaauts)
 A = Elapsed time spent in this place.
 B = Non-inter-level travel time spent in this place.
 C = Inter-level travel time spent in this place.
 D = Time resting spent in this place.
 E = Time spent auto-exploring this place.
 F = Levels seen in this place.
 G = Mean time per level.
                   A        B        C        D        E       F      G
               +--------+--------+--------+--------+--------+-----+--------+
         Total |    914 |    898 |     16 |    100 |    672 |   2 |  457.0 |
       Dungeon |    914 |    898 |     16 |    100 |    672 |   2 |  457.0 |
               +--------+--------+--------+--------+--------+-----+--------+

Top non-repeatable levels by time:
     D:1: 810 daAuts
     D:2: 104 daAuts
